General information
- name: grudge420
- type: Ladder 1vs1/FFA
- host: evil_pengoon
- saver: BEAR_AND
map: FrostedMeadows
- players: 6
- length: 16:37
- speed: Fast
- version: 1.21 W3XP
- replay type:

» download(111 KB)
Players
team 1 (loser)
WWGT]Fictious (
dark-green | 164 APM | 2719 actions | 16:35)
3 Demon Hunter
2 Mana Burn
1 Evasion
3 Naga Sea Witch
1 Frost Arrows
2 Forked Lightning
» actions
| Assign group hotkey | 148 | |
| Basic commands | 48 | |
| Build / train | 58 | |
| Enter build submenu | 12 | |
| Enter hero's abilities submenu | 6 | |
| Give item / drop item | 1 | |
| Remove unit from queue | 5 | |
| Right click | 1235 | |
| Select / deselect | 395 | |
| Select group hotkey | 752 | |
| Use ability | 59 | |
2719 total
» units
| Wisp | 17 | |
| Huntress | 4 | |
| Druid of the Claw | 5 | |
| Dryad | 8 | |
34 total
» upgrades
| Druid of the Claw Training | 2 | |
| Abolish Magic | 1 | |
3 total
» buildings
| Altar of Elders | 1 | |
| Moon Well | 6 | |
| Hunter's Hall | 1 | |
| Ancient of War | 1 | |
| Tree of Ages | 2 | |
| Ancient of Lore | 2 | |
| Tree of Eternity | 1 | |
| Tree of Life | 1 | |
15 total
» build order
00:03 Altar of Elders
00:18 Moon Well
01:56 Hunter's Hall
02:00 Ancient of War
02:15 Moon Well
03:06 Tree of Ages
03:06 Tree of Ages
03:48 Moon Well
05:33 Ancient of Lore
06:50 Tree of Eternity
06:51 Ancient of Lore
07:56 Moon Well
09:39 Moon Well
10:54 Tree of Life
11:33 Moon Well
» items
| Boots of Speed | 1 | |
| Scroll of Town Portal | 1 | |
2 total
team 2 (winner)
wwgt]mongrethod (
red | 115 APM | 1910 actions | 16:36)
4 Pit Lord
2 Howl of Terror
2 Cleaving Attack
4 Archmage
2 Blizzard
2 Brilliance Aura
» actions
| Assign group hotkey | 50 | |
| Basic commands | 237 | |
| Build / train | 72 | |
| Enter build submenu | 25 | |
| Enter hero's abilities submenu | 8 | |
| Give item / drop item | 3 | |
| Right click | 466 | |
| Select / deselect | 297 | |
| Select group hotkey | 672 | |
| Use ability | 80 | |
1910 total
» units
| Peasant | 16 | |
| Footman | 8 | |
| Priest | 5 | |
| Rifleman | 3 | |
| Sorceress | 4 | |
| Spell Breaker | 2 | |
| Mortar Team | 2 | |
40 total
» upgrades
| Defend | 1 | |
| Sorceress Training | 1 | |
| Priest Training | 1 | |
| Long Rifles | 1 | |
| Magic Sentry | 1 | |
| Masonry | 2 | |
7 total
» buildings
| Barracks | 1 | |
| Farm | 8 | |
| Altar of Kings | 1 | |
| Scout Tower | 7 | |
| Arcane Tower | 4 | |
| Keep | 1 | |
| Arcane Vault | 1 | |
| Blacksmith | 1 | |
| Arcane Sanctum | 2 | |
| Town Hall | 1 | |
| Lumber Mill | 1 | |
| Workshop | 1 | |
29 total
» build order
00:08 Barracks
00:11 Farm
00:19 Farm
00:34 Altar of Kings
01:20 Farm
02:04 Scout Tower
02:22 Farm
03:02 Arcane Tower
04:02 Keep
04:34 Arcane Vault
04:41 Blacksmith
05:12 Farm
05:13 Farm
06:25 Arcane Sanctum
07:18 Arcane Sanctum
08:57 Town Hall
09:05 Scout Tower
09:15 Scout Tower
09:33 Arcane Tower
09:49 Scout Tower
09:51 Scout Tower
10:20 Arcane Tower
10:59 Scout Tower
11:51 Farm
11:53 Farm
12:35 Lumber Mill
14:07 Workshop
14:47 Arcane Tower
14:50 Scout Tower
» items
| Scroll of Regeneration | 3 | |
| Potion of Healing | 2 | |
| Potion of Lesser Invulnerability | 2 | |
| Scroll of Town Portal | 2 | |
| Scroll of Healing | 1 | |
10 total
observersevil_pengoon,
Iceberg-Slim,
iggy_the_fisk,
BEAR_AND Chat log
(02:22 / Observers) BEAR_AND: fuck that
(16:34 / All) WWGT]Fictious: Can't micro in this lag, sorry.